 Dungeon Crawl Stone Soup version 0.21.1-1-g345015f (webtiles) character file.

154634 VLARC the Earth Mage (level 17, -17/152 HPs)
             Began as a Ghoul Earth Elementalist on Apr 4, 2018.
             Was the Champion of Kikubaaqudgha.
             Shot with an arrow by Vashnia (23 damage)
             ... on level 4 of the Snake Pit on Apr 5, 2018.
             The game lasted 02:13:42 (33544 turns).

VLARC the Earth Mage (Ghoul Earth Elementalist)    Turns: 33544, Time: 02:13:43

Health: -17/152    AC: 19    Str: 14    XL:     17   Next: 63%
Magic:  17/46      EV: 11    Int: 15    God:    Kikubaaqudgha [******]
Gold:   1367       SH:  3    Dex:  9    Spells: 2/32 levels left

rFire    + + .     SeeInvis +   a - +2 dagger (pain)
rCold    + + +     Gourm    .   (no shield)
rNeg     + + +     Faith    .   d - +5 ring mail of the Crypt {rF++ rC+ MP+9 Dex-3}
rPois    ∞         Spirit   .   S - +0 mask of the Dragon {MR+ Slay+3 SInv}
rElec    .         Reflect  +   V - +2 cloak {rC+}
rCorr    .         Harm     .   G - +0 pair of gloves {Dex+3}
MR       ++...                  x - +2 pair of boots {run}
Stlth    +.........             N - +3 amulet of reflection
HPRegen  0.00/turn              c - ring of wizardry
MPRegen  0.30/turn              j - ring of magical power

@: about to teleport, rotting, constricted, quick
A: rotting body, claws 1, carnivore, cold resistance 1, negative energy
resistance 3, inhibited regeneration, torment resistance, unbreathing
a: Receive Corpses, Torment, Brand Weapon With Pain, Receive Necronomicon,
Renounce Religion


You were on level 4 of the Snake Pit.
You worshipped Kikubaaqudgha.
Kikubaaqudgha was exalted by your worship.
You were not hungry.

You visited 5 branches of the dungeon, and saw 28 of its levels.
You also visited: Labyrinth, Ossuary and Ice Cave.

You collected 3622 gold pieces.
You spent 2255 gold pieces at shops.

Inventory:

Hand Weapons
 a - a +2 dagger of pain (weapon)
 r - a +1 quarterstaff
Missiles
 b - 315 stones (quivered)
 m - 2 throwing nets
Armour
 d - the +5 ring mail of the Crypt (worn) {rF++ rC+ MP+9 Dex-3}
   (You bought it in a shop on level 2 of the Orcish Mines)

   It affects your dexterity (-3).
   It greatly protects you from fire.
   It protects you from cold.
   It affects your magic capacity (+9).
 x - a +2 pair of boots of running (worn)
 C - the -1 cloak of Whack-A-Mole {+Blink MR+ rCorr MP-9}
   (You bought it in a shop on level 1 of the Snake Pit)

   It affects your resistance to hostile enchantments.
   It affects your magic capacity (-9).
   It lets you blink.
   It protects you from acid and corrosion.
 G - a +0 pair of gloves of dexterity (worn)
 S - the +0 mask of the Dragon (worn) {MR+ Slay+3 SInv}
   (You found it in a labyrinth)

   It affects your accuracy and damage with ranged weapons and melee attacks
   (+3).
   It affects your resistance to hostile enchantments.
   It lets you see invisible.
 V - a +2 cloak of cold resistance (worn)
Jewellery
 c - a ring of wizardry (left hand)
 e - an uncursed ring of resist corrosion
 j - a ring of magical power (right hand)
 J - an uncursed ring of protection from fire
 K - the ring of Isuthro {*Drain rC+ Str+7}
   (You found it in a labyrinth)

   [ring of protection from cold]

   It affects your strength (+7).
   It protects you from cold.
   It causes draining when unequipped.
 N - a +3 amulet of reflection (around neck)
Wands
 y - a wand of enslavement (10)
 z - a wand of clouds (8)
 D - a wand of disintegration (23)
 E - a wand of iceblast (27)
 F - a wand of paralysis (53)
 I - a wand of random effects (34)
 L - a wand of scattershot (3)
 M - a wand of flame (97)
 P - a wand of digging (45)
Scrolls
 h - 8 scrolls of enchant armour
 i - 13 scrolls of remove curse
 k - a scroll of acquirement
 n - 3 scrolls of amnesia
 u - 2 scrolls of enchant weapon
 A - 4 scrolls of teleportation
 O - 4 scrolls of magic mapping
Potions
 g - 13 potions of curing
 l - 2 potions of cancellation
 o - 3 potions of brilliance
 p - 2 potions of invisibility
 q - 4 potions of magic
 s - 3 potions of might
 t - 5 potions of agility
 w - 4 potions of haste
 Q - a potion of ambrosia
 R - 6 potions of flight
 U - a potion of resistance
Books
 T - a book of Ice

   Spells                             Type                      Level
   a - Ice Form                       Ice/Transmutation            4
   b - Metabolic Englaciation         Hexes/Ice                    5
   c - Ozocubu's Refrigeration        Ice                          6
   d - Bolt of Cold                   Conjuration/Ice              6
   e - Freezing Cloud                 Conjuration/Ice/Air          6
   f - Simulacrum                     Ice/Necromancy               6
 X - a book of the Earth

   Spells                             Type                      Level
   a - Leda's Liquefaction            Hexes/Earth                  4
   b - Bolt of Magma                  Conjuration/Fire/Earth       5
   c - Statue Form                    Transmutation/Earth          6
   d - Iron Shot                      Conjuration/Earth            6
   e - Shatter                        Earth                        9
 Y - a Necronomicon

   Spells                             Type                      Level
   a - Haunt                          Necromancy/Summoning         7
   b - Borgnjor's Revivification      Necromancy                   8
   c - Death's Door                   Charms/Necromancy            8
   d - Infestation                    Necromancy                   8
   e - Necromutation                  Transmutation/Necromancy     8
Comestibles
 f - 41 rations


   Skills:
 - Level 14.2 Fighting
 - Level 8.2 Armour
 - Level 8.4 Dodging
 - Level 2.1 Stealth
 - Level 8.2 Spellcasting
 + Level 7.3 Conjurations
 - Level 12.0 Necromancy
   Level 0.8 Transmutations
 - Level 13.0 Ice Magic
 - Level 16.0 Earth Magic


You had 2 spell levels left.
You knew the following spells:

 Your Spells              Type           Power        Failure   Level  Hunger
a - Sandblast             Erth           ######       1%          1    None
b - Stone Arrow           Conj/Erth      #####.       1%          3    ##.....
c - Lee's Rapid Deconstr  Erth           ######....   1%          5    #####..
d - Animate Skeleton      Necr           N/A          1%          1    None
e - Borgnjor's Vile Clut  Necr/Erth      #####.....   1%          5    #####..
f - Animate Dead          Necr           N/A          1%          4    ####...
g - Dispel Undead         Necr           #####...     1%          5    #####..
h - Simulacrum            Ice/Necr       #####.....   8%          6    #######


Dungeon Overview and Level Annotations

Branches:
Dungeon (15/15)            Temple (1/1) D:6            Lair (6/6) D:9
 Shoals (0/4) Lair:2        Snake (4/4) Lair:2        Slime (0/5) Lair:5
    Orc (2/2) D:11            Elf (0/3) Orc:2        Vaults (0/5) D:14
 Depths (0/5) D:15

Altars:
Ashenzari
Dithmenos
Elyvilon
Hepliaklqana
Kikubaaqudgha
Makhleb
Okawaru
Ru
Sif Muna
Trog
Vehumet
Xom
Yredelemnul
Zin
The Shining One
Beogh
Jiyva

Shops:
D:11 !   D:12 *   D:14 *   Orc:2 *%[?[   Snake:1 [[[

Annotations:
Snake:4 Vashnia


Innate Abilities, Weirdness & Mutations

Your body is rotting away.
You thrive on raw meat.
You are immune to poison.
You have sharp fingernails.
You are carnivorous and can eat meat at any time.
Your flesh is cold resistant. (rC+)
You are immune to negative energy. (rN+++)
You do not regenerate when monsters are visible.
You are immune to unholy pain and torment.
You can survive without breathing.


Message History

The naga sharpshooter gestures wildly while chanting.
The naga sharpshooter magically shoots a bolt.
The bolt hits you!
* * * LOW HITPOINT WARNING * * *
The anaconda bites you but does no damage.
* * * LOW HITPOINT WARNING * * *
The anaconda constricts you.
Your salamander hits the anaconda with a halberd!
The anaconda is engulfed in flames!
Your naga mage spits poison at the anaconda.
The splash of poison hits the anaconda.
The anaconda is poisoned.
The salamander mystic hits you but does no damage.
Your naga hits the anaconda with a short sword.
Your naga constricts the anaconda.
Your salamander hits the naga sharpshooter with a spear.
The naga sharpshooter is engulfed in flames!
Vashnia mumbles some strange words.
Vashnia magically shoots an arrow.
The arrow hits you!!
You die...
Kikubaaqudgha rasps: "You have failed me!
Welcome... oblivion!"

.. # #N #.
. NN ##
#####. #.$
#
#...#.#.#..
# .....#NN.
# ...#.NN #
#...N# #
#.N.# #@N^#
#SN##
#(.NN##
#......#
........#
.........
...###...
..# .... ##
...##


You could see Vashnia, 2 naga sharpshooters, a salamander mystic, an anaconda, a
naga, a friendly salamander mystic, 2 friendly salamanders, a friendly naga mage
and a friendly naga.

Vanquished Creatures
  An Ice Fiend (IceCv)
  Frances (D:13)
  Kirke (Lair:4)
  A nagaraja (Snake:3)
  An orc warlord (D:11)
  A green death (Snake:2)
  A minotaur (Lab)
  The ghost of KleinerIrrer the Cleaver, a journeyman FoFi of Okawaru (Lair:1)
  4 vault guards (D:14)
  An ice dragon (D:15)
  8 hydras
  8 naga warriors
  A catoblepas (D:13)
  3 centaur warriors
  2 ogre magi
  4 anacondas
  Erica (D:8)
  9 two-headed ogres
  4 death yaks (Lair:6)
  4 naga sharpshooters
  An orc high priest (Orc:2)
  4 shock serpents
  A spriggan (Lair:4)
  Sonja (D:15)
  2 unseen horrors
  A wizard (D:14)
  A death drake (shapeshifter) (D:15)
  A deep elf archer (D:14)
  6 naga ritualists
  2 lindwurms (Lair:6)
  2 deep elf magi
  2 ugly things
  9 orc knights
  6 mana vipers
  3 orc sorcerers
  2 cyclopes (D:13)
  A manticore (Lair:6)
  4 salamanders
  2 guardian serpents
  9 naga magi
  25 black mambas
  7 elephants
  3 centaur skeletons
  A gargoyle (D:14)
  A torpor snail (Lair:6)
  7 spiny frogs
  2 ice statues
  2 freezing wraiths
  2 rime drakes (Lair:6)
  An efreet (D:13)
  6 ice devils (IceCv)
  4 tengu conjurers
  3 anaconda simulacra (IceCv)
  2 golden dragon simulacra (IceCv)
  10 komodo dragons
  4 trolls
  3 hornets
  2 polar bears
  7 blink frogs
  8 dream sheep
  A wolf spider simulacrum (IceCv)
  15 slime creatures
  Prince Ribbit (D:9)
  7 hippogriffs
  48 yaks
  Sigmund (D:5)
  3 redbacks (D:15)
  4 wraiths
  Eustachio (D:5)
  4 basilisks
  A yak (shapeshifter) (D:13)
  4 hogs (Lair:4)
  3 hungry ghosts
  4 vampire mosquitoes (D:14)
  4 harpy simulacra (IceCv)
  27 nagas
  A steam dragon (D:11)
  A soldier ant (D:13)
  5 wargs
  An acid dragon (D:15)
  6 hydra simulacra (IceCv)
  3 iron troll simulacra (IceCv)
  14 water moccasins
  6 porcupines
  39 orc warriors
  A hornet zombie (D:15)
  An ice beast (D:11)
  7 sky beasts
  3 black bears
  2 necrophages
  3 phantoms
  12 ogres
  26 wolves
  22 centaurs
  10 crocodiles
  13 bullfrogs
  2 gnoll sergeants
  4 big kobolds
  6 scorpions
  7 killer bees (D:11)
  An elephant simulacrum (IceCv)
  A swamp dragon simulacrum (IceCv)
  7 wights
  3 howler monkeys (D:7)
  2 electric eels
  4 crimson imps
  2 centaur zombies
  3 bullfrog zombies
  5 draconian simulacra (IceCv)
  2 bullfrog skeletons (D:12)
  5 jellies
  6 hounds
  Crazy Yiuf (D:6)
  16 orc priests
  18 orc wizards
  2 iguanas (D:9)
  7 worker ants
  A polar bear simulacrum (IceCv)
  3 troll simulacra (IceCv)
  A killer bee zombie (D:8)
  A big kobold zombie (Ossuary)
  A centaur simulacrum (IceCv)
  2 hound skeletons
  9 mummies
  2 worker ant zombies
  18 adders
  14 gnolls
  A naga simulacrum (IceCv)
  7 river rats (D:6)
  An ogre simulacrum (IceCv)
  A shadow imp (D:6)
  7 white imps (IceCv)
  8 ufetubi (IceCv)
  10 oozes
  An adder skeleton (D:4)
  A worm (D:3)
  2 dart slugs
  3 leopard geckos
  89 orcs
  5 giant cockroaches
  7 goblins
  7 hobgoblins
  6 jackals (D:5)
  29 kobolds
  7 quokkas
  6 bats
  3 frilled lizards (D:3)
  2 gnoll zombies (Ossuary)
  5 kobold zombies
  2 orc zombies (Ossuary)
  A quokka skeleton (D:9)
  16 rats
  8 fungi
  8 plants
920 creatures vanquished.

Vanquished Creatures (collateral kills)
  Agnes (Snake:2)
  The ghost of vatarom the Devastator, a journeyman DrCj of Vehumet (D:13)
  A green death (Snake:2)
  The ghost of vatarom the Destroyer, a journeyman DrCj of Vehumet (Lair:1)
  2 hydras (Lair:6)
  2 anacondas
  A catoblepas (Lair:6)
  3 naga warriors
  4 death yaks (Lair:6)
  2 naga sharpshooters
  3 naga ritualists (Snake:2)
  A deep elf mage (D:11)
  6 salamanders
  2 ugly things
  A cyclops (D:14)
  A mana viper (Snake:2)
  6 elephants
  A manticore (Lair:6)
  4 naga magi
  5 black mambas
  A guardian serpent (Snake:3)
  A spiny frog (Lair:6)
  A kobold demonologist (D:13)
  A rime drake (Lair:6)
  A komodo dragon (Lair:1)
  A troll (D:11)
  14 blink frogs
  3 hippogriffs
  A redback (D:15)
  A vampire (D:13)
  A basilisk (D:13)
  5 yaks
  A hungry ghost (D:11)
  A steam dragon (D:8)
  9 nagas
  3 water moccasins
  6 orc warriors
  4 porcupines
  A black bear (D:9)
  An ice beast (D:11)
  A sky beast (D:13)
  A necrophage (D:10)
  3 ogres
  12 wolves
  4 crocodiles
  A big kobold (D:11)
  5 bullfrogs
  2 wyvern skeletons
  A killer bee (D:11)
  2 wights (D:11)
  2 electric eels
  A bullfrog skeleton (D:12)
  A jelly (D:6)
  A hound (D:8)
  An iguana (D:11)
  An orc wizard (D:7)
  A hound skeleton (D:10)
  A gnoll (D:11)
  A river rat (D:6)
  An adder (D:7)
  A shadow imp (D:6)
  An adder zombie (D:9)
  A leopard gecko (D:8)
  3 orcs
  A quokka (D:6)
  3 kobolds
  2 rats (D:6)
  5 fungi
  3 plants
168 creatures vanquished.

Vanquished Creatures (others)
  A naga (Snake:4)
  An ice beast (D:15)
  An orc priest (Orc:1)
  An orc wizard (D:9)
  6 fungi
  5 plants
  8 toadstools (D:4)
23 creatures vanquished.

Grand Total: 1111 creatures vanquished

Notes
Turn   | Place    | Note
-------+----------+-------------------------------------------
     0 | D:1      | VLARC the Ghoul Earth Elementalist began the quest for the Orb.
     0 | D:1      | Reached XP level 1. HP: 14/14 MP: 2/2
   399 | D:1      | Reached XP level 2. HP: 13/19 MP: 0/4
  1370 | D:1      | Reached XP level 3. HP: 22/26 MP: 5/5
  1373 | D:1      | Reached skill level 4 in Earth Magic
  2313 | D:2      | Reached XP level 4. HP: 32/33 MP: 7/7
  2603 | D:3      | Reached skill level 5 in Earth Magic
  2603 | D:3      | Reached XP level 5. HP: 38/38 MP: 3/8
  3025 | D:4      | Learned a level 3 spell: Stone Arrow
  3031 | D:4      | Learned a level 5 spell: Lee's Rapid Deconstruction
  3066 | D:4      | Found an iron altar of Okawaru.
  3288 | D:4      | Reached XP level 6. HP: 40/43 MP: 3/10
  3763 | D:4      | Reached skill level 6 in Earth Magic
  3838 | D:4      | Noticed a phantom
  3840 | D:4      | Noticed a phantom
  3872 | D:4      | Killed a phantom
  3872 | D:4      | Reached XP level 7. HP: 36/50 MP: 0/12
  4196 | D:5      | Entered Level 5 of the Dungeon
  4241 | D:5      | Reached skill level 5 in Spellcasting
  4241 | D:5      | Reached skill level 7 in Earth Magic
  4467 | D:5      | Got a heavily runed platinum ring
  4487 | D:5      | Reached XP level 8. HP: 54/57 MP: 15/15
  4510 | D:5      | Identified the ring "Piffa" {Dex+4 SInv} (You found it on level 5 of the Dungeon)
  4563 | D:5      | Found a shadowy altar of Dithmenos.
  4588 | D:5      | Noticed Eustachio
  4664 | D:5      | Killed Eustachio
  4664 | D:5      | Reached skill level 8 in Earth Magic
  4758 | D:5      | Noticed Sigmund
  4776 | D:5      | Killed Sigmund
  5325 | D:6      | Found a staircase to the Ecumenical Temple.
  5333 | Temple   | Entered the Ecumenical Temple
  5347 | Temple   | Became a worshipper of Kikubaaqudgha
  5435 | D:6      | Found a sand-covered staircase.
  5447 | D:6      | Reached skill level 9 in Earth Magic
  5450 | Ossuary  | Entered an ossuary
  5719 | Ossuary  | Reached * piety under Kikubaaqudgha
  5719 | Ossuary  | Identified Kikubaaqudgha's Tome of Unholy Rites (Kikubaaqudgha gifted it to you in an ossuary)
  5719 | Ossuary  | Received a gift from Kikubaaqudgha
  5733 | Ossuary  | Learned a level 1 spell: Animate Skeleton
  5892 | D:6      | Reached XP level 9. HP: 61/62 MP: 18/18
  5902 | D:6      | Found a hazy altar of Hepliaklqana.
  5965 | D:6      | Found an iron altar of Okawaru.
  5965 | D:6      | Found a shattered altar of Ashenzari.
  5970 | D:6      | Found a glowing golden altar of the Shining One.
  5988 | D:6      | Found a bloodstained altar of Trog.
  5990 | D:6      | Found a white marble altar of Elyvilon.
  6251 | D:6      | Reached ** piety under Kikubaaqudgha
  6681 | D:6      | Found a runed door.
  6685 | D:6      | Noticed Crazy Yiuf
  6691 | D:6      | Killed Crazy Yiuf
  6806 | D:7      | Learned a level 5 spell: Borgnjor's Vile Clutch
  6811 | D:7      | Learned a level 4 spell: Animate Dead
  6862 | D:7      | Reached skill level 10 in Earth Magic
  6961 | D:7      | Noticed a two-headed ogre
  6983 | D:7      | Killed a two-headed ogre
  7294 | D:7      | Noticed a hornet
  7304 | D:7      | Killed a hornet
  7359 | D:7      | Reached XP level 10. HP: 55/68 MP: 19/21
  8164 | D:8      | Reached *** piety under Kikubaaqudgha
  8164 | D:8      | Identified Kikubaaqudgha's Grimoire of Sinister Rituals (Kikubaaqudgha gifted it to you on level 8 of the Dungeon)
  8164 | D:8      | Received a gift from Kikubaaqudgha
  8188 | D:8      | Found a deep blue altar of Sif Muna.
  8352 | D:8      | Noticed Erica
  8363 | D:8      | Killed Erica
  8686 | D:8      | Found a burning altar of Makhleb.
  8849 | D:9      | Noticed a two-headed ogre
  8857 | D:9      | Killed a two-headed ogre
  8937 | D:9      | Found a staircase to the Lair.
  8955 | D:9      | Noticed Prince Ribbit
  8961 | D:9      | Killed Prince Ribbit
  9080 | D:9      | Reached XP level 11. HP: 74/74 MP: 22/22
  9385 | D:9      | Reached skill level 10 in Necromancy
  9536 | D:9      | Reached **** piety under Kikubaaqudgha
  9988 | Lair:1   | Entered Level 1 of the Lair of Beasts
 10059 | Lair:1   | Found a labyrinth entrance.
 10063 | Lab      | Entered a labyrinth
 10380 | Lab      | Noticed a minotaur
 10388 | Lab      | Killed a minotaur
 10395 | Lab      | Found the +0 mask of the Dragon {MR+ Slay+3 SInv}
 10395 | Lab      | Got a translucent iron ring
 10483 | Lair:1   | Identified the ring of Isuthro {*Drain rC+ Str+7} (You found it in a labyrinth)
 10557 | Lair:1   | Noticed vatarom's ghost (journeyman DrCj)
 10816 | Lair:2   | Found a staircase to the Shoals.
 10935 | Lair:2   | Found a staircase to the Snake Pit.
 10940 | Lair:2   | Reached skill level 11 in Earth Magic
 11103 | Lair:2   | Reached skill level 12 in Earth Magic
 11104 | Lair:2   | Reached XP level 12. HP: 63/81 MP: 13/23
 11226 | Lair:2   | Got a faintly glowing robe
 11306 | Lair:2   | Learned a level 5 spell: Dispel Undead
 11348 | Lair:1   | Reached ***** piety under Kikubaaqudgha
 11450 | Lair:1   | Killed vatarom's ghost
 11450 | Lair:1   | Reached skill level 13 in Earth Magic
 11481 | Lair:1   | Noticed a six-headed hydra
 11488 | Lair:1   | Killed a six-headed hydra
 11512 | Lair:1   | Noticed KleinerIrrer's ghost (journeyman FoFi)
 11567 | Lair:1   | Killed KleinerIrrer's ghost
 11991 | Lair:1   | Reached skill level 14 in Earth Magic
 12032 | Lair:1   | Noticed a seven-headed hydra
 12041 | Lair:1   | Killed a seven-headed hydra
 12615 | Lair:3   | Reached skill level 15 in Earth Magic
 12933 | Lair:3   | Reached XP level 13. HP: 85/86 MP: 23/24
 13057 | Lair:4   | Reached skill level 16 in Earth Magic
 13128 | Lair:4   | Reached skill level 1 in Fighting
 13191 | Lair:4   | You fall through a shaft for 2 floors!
 13191 | Lair:6   | Entered Level 6 of the Lair of Beasts
 13477 | Lair:6   | Reached skill level 5 in Fighting
 14128 | Lair:5   | Found a viscous altar of Jiyva.
 14128 | Lair:5   | Found a staircase to the Slime Pits.
 14544 | Lair:4   | Reached skill level 10 in Fighting
 14579 | Lair:4   | Reached XP level 14. HP: 90/121 MP: 14/25
 15249 | Lair:4   | Noticed Kirke
 15257 | Lair:4   | Killed Kirke
 15746 | Lair:6   | Identified the +1 robe of Beogh's Castigation {Slay+3} (You found it on level 2 of the Lair of Beasts)
 15926 | Lair:6   | Reached ****** piety under Kikubaaqudgha
 16576 | D:10     | Entered Level 10 of the Dungeon
 16801 | D:10     | Reached skill level 1 in Armour
 17512 | D:11     | Found Zaxzugg's Distillery.
 17543 | D:11     | Bought a potion of flight for 48 gold pieces
 17579 | D:11     | Found a staircase to the Orcish Mines.
 17618 | D:11     | Found a glowing golden altar of the Shining One.
 18334 | D:12     | Reached XP level 15. HP: 135/138 MP: 26/26
 18572 | D:12     | Found Xearphokk's Assorted Antiques.
 18580 | D:12     | Bought a brown potion for 22 gold pieces
 18580 | D:12     | Bought a murky amethyst potion for 22 gold pieces
 19171 | D:13     | Reached skill level 5 in Dodging
 19368 | D:13     | Noticed Frances
 19381 | D:13     | Killed Frances
 19381 | D:13     | Reached skill level 5 in Armour
 19473 | D:13     | Noticed vatarom's ghost (journeyman DrCj)
 19481 | D:13     | Killed vatarom's ghost
 20251 | D:14     | Found a roughly hewn altar of Beogh.
 20938 | D:14     | Found a gate to the Vaults.
 21073 | D:14     | Found Gunauwex's Assorted Antiques.
 21089 | D:14     | Bought a pair of glowing gloves for 277 gold pieces
 21089 | D:14     | Bought a lumpy soapstone amulet for 185 gold pieces
 21927 | D:15     | Entered Level 15 of the Dungeon
 21992 | D:15     | Noticed Sonja
 22041 | D:15     | Killed Sonja
 22602 | D:15     | Learned a level 6 spell: Simulacrum
 22661 | D:15     | Reached skill level 1 in Ice Magic
 22715 | D:15     | Reached XP level 16. HP: 13/144 MP: 2/27
 23477 | D:15     | Found a staircase to the Depths.
 23965 | Orc:1    | Entered Level 1 of the Orcish Mines
 24083 | Orc:1    | Found a roughly hewn altar of Beogh.
 24190 | Orc:1    | Reached skill level 5 in Ice Magic
 24661 | Orc:2    | Entered Level 2 of the Orcish Mines
 25617 | Orc:2    | Found Borar's General Store.
 25648 | Orc:2    | Bought a scroll of identify for 26 gold pieces
 25654 | Orc:2    | Found a roughly hewn altar of Beogh.
 26197 | Orc:2    | Found a staircase to the Elven Halls.
 26578 | Orc:2    | Found Ratiustru's Magic Scroll Boutique.
 26578 | Orc:2    | Found Otoroklo's Antique Armour Shoppe.
 26580 | Orc:2    | Found Vuup's Food Emporium.
 26582 | Orc:2    | Found Ragiuttite's Armour Shop.
 26587 | Orc:2    | Bought the +5 ring mail of the Crypt {rF++ rC+ MP+9 Dex-3} for 731 gold pieces
 26602 | Orc:2    | Bought a scroll of summoning for 142 gold pieces
 26695 | Orc:2    | Paralysed by an orc sorcerer for 3 turns
 27031 | Snake:1  | Entered Level 1 of the Snake Pit
 27471 | Snake:1  | Got a spiked helmet
 27482 | Snake:1  | Identified the -6 helmet "Jioplattio" {rPois rC+ Regen+ Str-2} (You found it on level 1 of the Snake Pit)
 27564 | Snake:1  | Found Reginat's Antique Armour Shop.
 27566 | Snake:1  | Found Tegus's Armour Boutique.
 27568 | Snake:1  | Found Tairil's Antique Armour Shop.
 27574 | Snake:1  | Bought a +2 pair of boots of running for 498 gold pieces
 27593 | Snake:1  | Bought a steaming cloak for 304 gold pieces
 27603 | Snake:1  | Identified the cursed -1 cloak of Whack-A-Mole {+Blink MR+ rCorr MP-9} (You bought it in a shop on level 1 of the Snake Pit)
 28132 | Snake:2  | Reached skill level 10 in Ice Magic
 28145 | Snake:2  | Found a radiant altar of Vehumet.
 28613 | Snake:2  | Found a runed door.
 29158 | Snake:2  | Noticed Agnes
 29169 | Snake:2  | Killed Agnes
 29272 | Snake:2  | Reached XP level 17. HP: 149/152 MP: 28/28
 29275 | Snake:2  | Identified a scroll of acquirement
 30107 | Snake:3  | Found a frozen archway.
 30118 | IceCv    | Entered an ice cave
 30354 | IceCv    | Reached skill level 1 in Conjurations
 31113 | IceCv    | Noticed an Ice Fiend
 31544 | IceCv    | Killed an Ice Fiend
 32130 | Snake:3  | Reached skill level 5 in Conjurations
 32731 | Snake:4  | Entered Level 4 of the Snake Pit
 32731 | Snake:4  | Noticed Vashnia
 33544 | Snake:4  | HP: 6/152 [anaconda (3)]
 33544 | Snake:4  | Shot with an arrow by Vashnia

Skill      XL: |  1  2  3  4  5  6  7  8  9 10 11 12 13 14 15 16 17 |
---------------+----------------------------------------------------+-----
Spellcasting   | 2 3 4 5 6 8 |  8.2
Earth Magic    | 4 5 6 7 9 10 12 15 16 | 16.0
Necromancy     | 2 9 12 | 12.0
Fighting       | 10 14 | 14.2
Dodging        | 4 8 |  8.4
Armour         | 3 8 |  8.2
Ice Magic      | 2 12 13 | 13.0
Conjurations   | 7 |  7.3
Stealth        | |  2.1
Transmutations | |  0.8

Action                   |  1- 3 |  4- 6 |  7- 9 | 10-12 | 13-15 | 16-18 || total
-------------------------+-------+-------+-------+-------+-------+-------++-------
Melee: Unarmed           |   198 |    62 |       |       |       |       ||   260
       Quarterstaff      |       |   100 |   355 |   358 |   470 |    73 ||  1356
       Dagger            |       |       |       |       |       |   263 ||   263
 Cast: Sandblast         |    17 |    37 |   132 |    80 |    88 |   131 ||   485
       Animate Skeleton  |       |       |    21 |    47 |    61 |    59 ||   188
       Stone Arrow       |       |       |    10 |     7 |    60 |    17 ||    94
       Lee's Rapid Decon |       |       |     1 |     1 |    15 |    22 ||    39
       Borgnjor's Vile C |       |       |       |    53 |   144 |   149 ||   346
       Animate Dead      |       |       |       |     8 |    40 |    13 ||    61
       Dispel Undead     |       |       |       |     8 |    17 |     5 ||    30
       Simulacrum        |       |       |       |       |       |    16 ||    16
Invok: Torment           |       |       |       |     1 |     5 |       ||     6
       Receive Corpses   |       |       |       |       |     3 |     1 ||     4
Evoke: Wand              |       |       |       |       |     3 |     2 ||     5
  Use: Scroll            |       |     8 |     3 |    13 |    11 |    12 ||    47
       Potion            |       |       |       |     1 |     1 |     3 ||     5
 Stab: Sleeping          |     1 |     1 |     1 |     2 |     7 |     1 ||    13
       Distracted        |       |       |       |     3 |     3 |     1 ||     7
  Eat: Chunk             |    12 |     8 |    56 |    72 |   111 |   107 ||   366
       Ration            |       |       |       |       |       |     7 ||     7
Armor: Ring mail         |   128 |   136 |   292 |   306 |   468 |   299 ||  1629
Dodge: Dodged            |   115 |   127 |   292 |   292 |   469 |   409 ||  1704
Block: Other             |       |       |       |       |       |    28 ||    28
       Reflection        |       |       |       |       |       |     2 ||     2
